 Dungeon Crawl Stone Soup version 0.30-a0-223-gcb0039aa0c (webtiles) character file.

Game seed: 14690769257071420398

21 qw the Shield-Bearer (level 2, -1/19 HPs)
             Began as a Gargoyle Fighter on Oct 9, 2022.
             Killed from afar by Robin (3 damage)
             ... with a puff of flame
             ... on level 2 of the Dungeon.
             The game lasted 00:00:17 (1013 turns).

qw the Shield-Bearer (Gargoyle Fighter)             Turns: 1013, Time: 00:00:17

Health: -1/19      AC:  9    Str: 19    XL:     2   Next: 83%
Magic:  2/2        EV:  9    Int:  8    God:
Gold:   98         SH:  4    Dex:  9    Spells: 1/1 levels left

rFire   . . .      SeeInvis .    Y - +0 war axe
rCold   . . .      Faith    .    c - +0 buckler
rNeg    + . .      Spirit   .    b - +0 scale mail
rPois   inf        Reflect  .    (no helmet)
rElec   +          Harm     .    (no cloak)
rCorr   .          Rampage  .    (no gloves)
Will    .....                    (no boots)
Stlth   ..........               (no amulet)
HPRegen 0.23/turn                (no ring)
MPRegen 0.08/turn                (no ring)

@: no status effects
A: sickness immunity, AC +2, negative energy resistance 1, electricity
resistance, torment resistance 1, petrification resistance
a: no special abilities


You were on level 2 of the Dungeon.
You visited 1 branch of the dungeon, and saw 2 of its levels.

You collected 98 gold pieces.


Innate Abilities, Weirdness & Mutations

You are immune to sickness and miasma.
Your stone body is resilient. (AC +2)
You are immune to poison.
You resist negative energy. (rN+)
You are resistant to electric shocks. (rElec)
You are resistant to unholy torment.
You are immune to petrification.


   Skills:
 - Level 3.2 Fighting
 + Level 3.0 Axes
 - Level 3.2 Armour
 - Level 3.2 Shields


You had one spell level left.
You didn't know any spells.
Your spell library was empty.

Inventory:

Hand Weapons
 e - a +0 whip
 Y - a +0 war axe (weapon)
Armour
 b - a +0 scale mail (worn)
 c - a +0 buckler (worn)
Scrolls
 a - a scroll of fear {unknown}
Potions
 d - a potion of might

Dungeon Overview and Level Annotations

Branches:
Dungeon (2/15)

Altars:

Annotations:
D:2 Robin


Message History

You kill the ball python!
Found a stone staircase leading down.
You see here a ball python corpse.
Robin, a hobgoblin and a goblin come into view.
Robin is wielding a +3 trident of venom and carrying a wand of flame (13).
Robin shouts!
The hobgoblin shouts!
The goblin shouts!
You hear a shout! x2
A goblin comes into view. It is wielding a +0 club.
Robin roars a battlecry!
The goblins go into a battle-frenzy!
A hobgoblin comes into view.
The hobgoblin moves out of view.
The hobgoblin shouts!
998 ||| Stepping ~*~*~tactically~*~*~ (hiding).
You hear a shout! x3
You start waiting.
You hear a shout!
A hobgoblin is nearby!
You hit the hobgoblin but do no damage. The hobgoblin hits you.
You barely miss the hobgoblin. The hobgoblin completely misses you.
You closely miss the hobgoblin. You hit the hobgoblin. The hobgoblin hits you.
The hobgoblin barely misses you.
You slash the hobgoblin!
You kill the hobgoblin!
You closely miss the hobgoblin.
The hobgoblin hits you but does no damage.
The hobgoblin hits you.
You hit the hobgoblin but do no damage. You barely miss the goblin.
The goblin hits you with a +0 dagger. Robin throws the goblin at you!
The hobgoblin hits you but does no damage.
You hit the goblin.
You kill the goblin!
You barely miss the hobgoblin.
Robin hits you from afar with a +3 trident of venom!
The hobgoblin hits you.
Your Axes skill increases to level 3!
You hit the hobgoblin but do no damage.
Robin zaps a wand.
The puff of flame hits you.
You die...

#.#. ##.## #..(#
..# ##.# #...#
#.#.###.## #...#
..#.##.#%## .
..... ....>....#
...
..##.##.###.....
#.......#
#.g###.....
#)@..# ###
#.##g# #. .# ..
g ### #g #g .g


You could see Robin and a hobgoblin (strong).

Vanquished Creatures
  A ball python (D:2)
  An endoplasm (D:1)
  4 goblins
  3 hobgoblins
  2 quokkas
  A bat (D:2)
  4 kobolds (D:1)
  2 rats
18 creatures vanquished.

Notes
Turn   | Place    | Note
-------+----------+-------------------------------------------
     0 | D:1      | qw the Gargoyle Fighter began the quest for the Orb.
     0 | D:1      | Reached XP level 1. HP: 14/14 MP: 1/1
     0 | D:1      | 0 ||| qw: Version: 0.2-a-17-g06abaee
     0 | D:1      | 0 ||| qw: Game counter: 2230
     0 | D:1      | 0 ||| qw: Always use a shield: true
     0 | D:1      | 0 ||| qw: God list: Okawaru
     0 | D:1      | 0 ||| qw: Allow faded altars: false
     0 | D:1      | 0 ||| qw: Do Orc after D:15 true
     0 | D:1      | 0 ||| qw: Do second Lair branch before Depths: true
     0 | D:1      | 0 ||| qw: Lair rune preference: random
     0 | D:1      | 0 ||| qw: Plans: Normal, Zot:1-4, God:TSO, Crypt, Tomb,
                  | Pan, Slime:5, Hells, Abyss, Orb
     0 | D:1      | 0 ||| PLANNING D:1-11
    20 | D:1      | 20 ||| Stepping ~*~*~tactically~*~*~ (stealth).
    24 | D:1      | 24 ||| Stepping ~*~*~tactically~*~*~ (stealth).
   244 | D:1      | Reached XP level 2. HP: 13/19 MP: 2/2
   814 | D:1      | 814 ||| READING scroll labelled ISOELE CEEKE.
   997 | D:2      | Noticed Robin
   998 | D:2      | 998 ||| Stepping ~*~*~tactically~*~*~ (hiding).
  1012 | D:2      | HP: 4/19 [Robin/+3 trident of venom (8)]
  1013 | D:2      | Reached skill level 3 in Axes
  1013 | D:2      | Killed from afar by Robin

Levels and vault maps discovered:
D:1:      minmay_arrival_nine_rooms, layout_basic,
          chequers_serial_rivers_small_3
D:2:      layout_loops_cross, uniq_robin

Skill      XL: |  1  2 |
---------------+-------+-----
Axes           | 2 3 |  3.0
Fighting       | |  3.2
Armour         | |  3.2
Shields        | |  3.2

Action                   || total
-------------------------++-------
Melee: War axe           ||    53
  Use: Scroll            ||     1
Armor: Scale mail        ||    29
Dodge: Dodged            ||    18
Block: Buckler           ||     4

Table legend:
 A = Non-vault XP
 B = Vault XP
 C = Vault XP percentage of total XP
 D = Non-vault monster count
 E = Vault monster count
 F = Vault count percentage of total count
                 A         B        C        D         E       F
            +---------+---------+-------+---------+---------+-------
      Total |      26 |       4 |  13.3 |      16 |       2 |  11.1
            +---------+---------+-------+---------+---------+-------
        D:1 |      17 |       0 |   0.0 |      10 |       0 |   0.0
        D:2 |       9 |       4 |  30.8 |       6 |       2 |  25.0
            +---------+---------+-------+---------+---------+-------
